 Dungeon Crawl Stone Soup version 0.29.1-12-g30fa7ad0bf (webtiles) character file.

Game seed: 102430697285348853

52 Sanktem7 the Trooper (level 3, -3/34 HPs)
             Began as a Minotaur Fighter on Dec 16, 2022.
             Slain by Terence
             ... wielding a +0 mace of venom
              (8 damage)
             ... on level 2 of the Dungeon.
             The game lasted 00:02:38 (1723 turns).

Sanktem7 the Trooper (Minotaur Fighter)             Turns: 1723, Time: 00:02:39

Health: -3/34      AC:  7    Str: 22    XL:     3   Next: 60%
Magic:  2/2        EV:  9    Int:  5    God:
Gold:   73         SH:  4    Dex:  9    Spells: 2/2 levels left

rFire   . . .      SeeInvis .   a - +0 war axe {axe}
rCold   . . .      Faith    .   c - +0 buckler
rNeg    . . .      Spirit   .   b - +0 scale mail
rPois   .          Reflect  .   (helmet restricted)
rElec   .          Harm     .   (no cloak)
rCorr   .          Rampage  .   (no gloves)
Will    .....                   (no boots)
Stlth   ..........              (no amulet)
HPRegen 0.11/turn               (no ring)
MPRegen 0.08/turn               (no ring)

@: lethally poisoned (-3 -> -19)
A: horns 2, retaliatory headbutt
a: no special abilities


You were on level 2 of the Dungeon.
You visited 1 branch of the dungeon, and saw 2 of its levels.

You collected 73 gold pieces.


Innate Abilities, Weirdness & Mutations

You have a pair of horns on your head.
You reflexively headbutt those who attack you in melee.


   Skills:
 * Level 4.5 Fighting
 * Level 3.6 Axes
 + Level 4.0 Armour
 - Level 3.6 Shields


You had 2 spell levels left.
You didn't know any spells.
Your spell library contained the following spells:

 Spells                   Type           Power      Damage    Failure   Level
 Freeze                   Ice            0%         1d3       87%         1
 Frozen Ramparts          Ice            0%         1d1       99%         3
 Hailstorm                Conj/Ice       0%         3d3       100%        4
 Fireball                 Conj/Fire      0%         3d3       100%        5
 Iskenderun's Battlesphe  Conj           0%         2d6       100%        5
 Conjure Ball Lightning   Conj/Air       0%         3x3d6     100%        6
 Orb of Destruction       Conj           0%         9d5       100%        7

Inventory:

Hand Weapons
 a - a +0 war axe (weapon) {axe}
Missiles
 e - 19 stones (quivered) {throwing}
Armour
 b - a +0 scale mail (worn)
 c - a +0 buckler (worn)
 h - a +0 pair of gloves
   (You found it on level 1 of the Dungeon)
Jewellery
 m - a +6 ring of intelligence
   (You found it on level 2 of the Dungeon)
Scrolls
 g - 3 scrolls of identify {unknown}
 j - a scroll of enchant weapon {unknown}
 k - 2 scrolls of teleportation {unknown}
Potions
 d - a potion of might
 f - a potion of haste {unknown}
 i - 3 potions of curing {unknown}
 l - 2 potions of mutation {unknown}
 n - a potion of invisibility {unknown}
 o - a potion of heal wounds {unknown}

Dungeon Overview and Level Annotations

Branches:
Dungeon (2/15) Zot: 10240

Altars:

Annotations:
D:2 Terence

#.......#...# #...(.
#.>.....'.⌠.' #.....
#.......#...# #....#
#####...#...# #....#
####...#...#
#####....###...##.>.#.8.#
#...........?...##...#...#
#.##...^..@.....######...#
.........@...# #...#
####....#.#### ##....
###.............. #.....
####....####.....### #.....
#........# ##..### #.....
#........# #..# #.....
#........####..## ########.....
#######.........##.............
#.........##.#####.......


You could see Terence.


Message History

You kill the ball python! 😕 HP[+1] No target in view!
No target in view!
No target in view!
No target in view!
No target in view!
No target in view!
No target in view!
No target in view!
No target in view!
No target in view!
No target in view!
No target in view!
Found an escape hatch in the ceiling.
You see here a ball python corpse. 😎 HP[+6]
Your hp is fully restored (34).
n - a fuming silvery potion A giant cockroach and a rat come into view.
The giant cockroach moves out of view.
A rat is nearby!
A ball python comes into view.
The ball python hisses angrily.
You slash the rat!
You kill the rat!
You slash the giant cockroach!
You kill the giant cockroach!
The ball python closely misses you. The ball python grabs you.
The ball python constricts you.
Things that are here:
a giant cockroach corpse; a rat corpse You hit the ball python but do no damage.
Your headbutt misses the ball python. The ball python barely misses you.
The ball python constricts you. The ball python closely misses you.
The ball python constricts you.
You hit the ball python but do no damage.
The ball python bites you but does no damage.
The ball python constricts you.
You hit the ball python.
You kill the ball python!
No target in view!
No target in view!
No target in view!
No target in view!
No target in view!
No target in view!
No target in view!
No target in view!
No target in view!
No target in view!
No target in view!
No target in view!
No target in view!
No target in view!
No target in view!
No target in view!
o - a metallic blue potion Terence the Incautious comes into view.
He is wielding a +0 mace of venom.
Terence is nearby!
Terence closely misses you.
You closely miss Terence.
Terence hits you with a +0 mace of venom. 😕 HP[-5]
You take 5 damage, and now have 29/34 hp.
You hit Terence but do no damage. Your headbutt misses Terence.
Terence bares his teeth.
Terence hits you with a +0 mace of venom.
You are poisoned. 😕 HP[-2]
You take 2 damage, and now have 27/34 hp.
You hit Terence.
You feel very sick.
Terence hits you with a +0 mace of venom.
You are more poisoned.
Terence hits you but does no damage.
You are lethally poisoned! 😮 HP[-5]
You take 5 damage, and now have 22/34 hp.
You hit Terence but do no damage.
* * * LOW HITPOINT WARNING * * *
You feel extremely sick. Terence barely misses you. You furiously retaliate!
You headbutt Terence! 😨 HP[-7]
You take 7 damage, and now have 15/34 hp.
MASSIVE DAMAGE!! (PAUSE)
You barely miss Terence.
* * * LOW HITPOINT WARNING * * *
You feel very sick. Terence hits you but does no damage.
You are more poisoned. 😨 HP[-5]
You take 5 damage, and now have 10/34 hp.
You barely miss Terence.
* * * LOW HITPOINT WARNING * * *
You feel very sick. You block Terence's attack.
Terence hits you with a +0 mace of venom!
You die...

Skill      XL: |  1  2  3 |
---------------+----------+-----
Fighting       | 4 |  4.5
Axes           | 3 |  3.6
Armour         | 4 |  4.0
Shields        | |  3.6

Action                   || total
-------------------------++-------
Melee: War axe           ||    62
       Headbutt          ||    11
Armor: Scale mail        ||    35
Dodge: Dodged            ||    33
Block: Buckler           ||    12

Levels and vault maps discovered:
D:1:      erik_arrival_orb_chamber, layout_basic, basic_ecumenical_altar,
          chequers_big_river, lemuel_flame_loot_1
D:2:      layout_rooms, basic_altar, nicolae_elevator_lobby_plus, uniq_terence

Notes
Turn   | Place    | Note
-------+----------+-------------------------------------------
     0 | D:1      | Sanktem7 the Minotaur Fighter began the quest for the Orb.
     0 | D:1      | Reached XP level 1. HP: 19/19 MP: 0/0
     0 | D:1      | magus.rc [v1.9.6]
   221 | D:1      | Reached XP level 2. HP: 27/27 MP: 1/1
   222 | D:1      | Reached skill level 4 in Fighting
   248 | D:1      | Reached skill level 3 in Axes
   613 | D:1      | You pick up a book of the Spheres and begin reading...
   613 | D:1      | You add the spells Iskenderun's Battlesphere, Fireball,
                  | Conjure Ball Lightning and Orb of Destruction to your
                  | library.
   641 | D:1      | You pick up a book of Frost and begin reading...
   641 | D:1      | You add the spells Freeze, Frozen Ramparts and Hailstorm to
                  | your library.
   742 | D:1      | Reached XP level 3. HP: 33/33 MP: 2/2
   753 | D:1      | Reached skill level 4 in Armour
   785 | D:1      | Found a faded altar of an unknown god.
  1714 | D:2      | Noticed Terence
  1723 | D:2      | HP: 5/34 [poisoned by Terence]
  1723 | D:2      | Slain by Terence

Vanquished Creatures
  2 worms (D:2)
  4 bats
  7 endoplasms
  3 giant cockroaches
  A goblin (D:1)
  A hobgoblin (D:1)
  8 jackals (D:1)
  4 kobolds
  4 ball pythons
  2 frilled lizards (D:1)
  5 rats
41 creatures vanquished.

Vanquished Creatures (others)
  A hobgoblin (D:1)
  A plant (D:1)
2 creatures vanquished.

Grand Total: 43 creatures vanquished

Table legend:
 A = Non-vault XP
 B = Vault XP
 C = Vault XP percentage of total XP
 D = Non-vault monster count
 E = Vault monster count
 F = Vault count percentage of total count
                 A         B        C        D         E       F
            +---------+---------+-------+---------+---------+-------
      Total |      75 |       0 |   0.0 |      41 |       0 |   0.0
            +---------+---------+-------+---------+---------+-------
        D:1 |      49 |       0 |   0.0 |      29 |       0 |   0.0
        D:2 |      26 |       0 |   0.0 |      12 |       0 |   0.0
            +---------+---------+-------+---------+---------+-------

Illustrated notes

Table legend:
 A = Kills in this place as a percentage of kills in entire the game.
 B = Kills by you in this place as a percentage of kills by you in the entire game.
 C = Kills by friends in this place as a percentage of kills by friends in the entire game.
 D = Other kills in this place as a percentage of other kills in the entire game.
 E = Experience gained in this place as a percentage of experience gained in the entire game.
 F = Experience gained in this place divided by the number of levels of this place that you have seen.
                   A       B       C       D       E      F
               +-------+-------+-------+-------+-------+----------------------
         Total | 100.0 | 100.0 |   N/A |   N/A | 100.0 |  37.5
       Dungeon | 100.0 | 100.0 |   N/A |   N/A | 100.0 |  37.5
               +-------+-------+-------+-------+-------+----------------------

Table legend: (Time is in decaauts)
 A = Elapsed time spent in this place.
 B = Non-inter-level travel time spent in this place.
 C = Inter-level travel time spent in this place.
 D = Time resting spent in this place.
 E = Time spent auto-exploring this place.
 F = Levels seen in this place.
 G = Mean time per level.
                   A        B        C        D        E       F      G
               +--------+--------+--------+--------+--------+-----+--------+
         Total |   1757 |   1692 |     65 |      0 |   1508 |   2 |  878.5 |
       Dungeon |   1757 |   1692 |     65 |      0 |   1508 |   2 |  878.5 |
               +--------+--------+--------+--------+--------+-----+--------+

Top non-repeatable levels by time:
     D:1: 1395 daAuts
     D:2: 362 daAuts
